Map: Thunderbird LE

Players

HAS - Winner!

  • Race: Protoss Protoss
  • Spawn Location: 5:00

MEDOED

  • Race: Zerg Zerg
  • Spawn Location: 11:00

Event: NationWars 2019

VOD

Have the link to the VOD?

Description

Time

  • Played on: Nov. 16, 2019, 9:52 a.m.
  • Length: 14:32
Show
View Real Time Build Order
Export as new Build Order

HAS Protoss - Winner!

Build Orders: 1 Gate Expand, Double Forge, Archon Immortal 

Get SALT Encoding   

  12  0:01  Probe  
  13  0:13  Probe  
  14  0:18  Pylon  
  14  0:25  Probe  
  15  0:37  Probe  
  15  0:39  Gateway  
  16  0:44  Assimilator  
  16  0:49  Probe  
  17  1:01  Probe  
  18  1:13  Probe  
  19  1:26  Cybernetics Core  
  19  1:29  Probe  
  20  1:40  Nexus  
  21  1:47  Zealot (Chrono Boost)  
  22  1:54  Pylon  
  22  2:11  Gateway  
  22  2:15  Probe  
  25  2:16  Adept (Chrono Boost)  
  25  2:18  Warp Gate  
  25  2:22  Assimilator  
  26  2:40  Probe, Shield Battery  
  26  2:42  Stalker (Chrono Boost)  
  28  2:53  Probe x2  
  28  2:58  Stalker (Chrono Boost)  
  30  3:05  Probe  
  33  3:11  Probe  
  36  3:13  Stalker (Chrono Boost)  
  36  3:17  Probe  
  37  3:23  Probe (Chrono Boost)  
  36  3:29  Probe (Chrono Boost)  
  37  3:35  Probe (Chrono Boost)  
  37  3:36  Pylon  
  37  3:41  Probe (Chrono Boost)  
  39  3:44  Probe (Chrono Boost)  
  39  3:46  Probe (Chrono Boost), Sentry x2  
  45  3:50  Probe  
  45  3:55  Probe  
  47  4:02  Probe, Forge  
  48  4:07  Probe  
  49  4:14  Probe  
  50  4:19  Probe, Assimilator  
  50  4:21  Assimilator  
  50  4:23  Pylon  
  51  4:24  Sentry  
  51  4:26  Probe  
  54  4:40  Probe x2  
  54  4:47  Sentry x2  
  54  4:50  Nexus  
  54  4:52  Probe x2  
  60  4:55  Forge  
  60  4:56  Pylon  
  60  4:59  Protoss Ground Weapons Level 1 (Chrono Boost)  
  60  5:04  Probe x2  
  62  5:16  Probe  
  62  5:17  Pylon, Probe  
  62  5:20  Pylon  
  64  5:21  Sentry x2  
  68  5:28  Probe  
  68  5:29  Probe, Gateway x2  
  68  5:32  Gateway  
  70  5:39  Protoss Ground Armor Level 1 (Chrono Boost)  
  70  5:40  Probe  
  70  5:41  Probe  
  72  5:46  Assimilator  
  72  5:51  Stalker  
  72  5:52  Stalker, Assimilator  
  72  5:53  Probe x2 (Chrono Boost)  
  78  5:57  Twilight Council  
  78  6:02  Probe (Chrono Boost)  
  79  6:04  Archon  
  79  6:05  Probe x2 (Chrono Boost), Archon  
  82  6:12  Probe x2 (Chrono Boost)  
  82  6:13  Probe (Chrono Boost)  
  82  6:17  Probe (Chrono Boost)  
  84  6:19  Probe x2  
  87  6:29  Probe  
  87  6:31  Probe x2  
  88  6:41  Probe  
  88  6:43  Probe x2  
  91  6:50  Sentry x2  
  91  6:51  Sentry x3  
  91  6:53  Probe  
  98  6:54  Blink (Chrono Boost)  
  98  6:55  Probe x2  
  98  7:01  Protoss Ground Weapons Level 2 (Chrono Boost)  
  94  7:05  Gateway  
  94  7:07  Gateway  
  88  7:10  Nexus  
  88  7:12  Gateway  
  88  7:13  Pylon, Gateway  
  88  7:14  Pylon, Sentry x3, Stalker x2  
  98  7:17  Probe x3  
  98  7:22  Pylon  
  101  7:23  Pylon x2  
  101  7:31  Probe x2  
  101  7:34  Probe, Photon Cannon  
  101  7:35  Photon Cannon  
  104  7:37  Photon Cannon  
  104  7:41  Sentry x4  
  104  7:43  Probe  
  113  7:45  Probe  
  113  7:47  Probe  
  113  7:49  Assimilator  
  115  7:53  Assimilator, Zealot  
  115  7:55  Probe  
  115  7:56  Shield Battery  
  115  7:57  Probe  
  115  7:58  Protoss Ground Armor Level 2 (Chrono Boost), Shield Battery  
  119  7:59  Probe  
  119  8:00  Shield Battery  
  119  8:02  Forge  
  120  8:07  Probe  
  120  8:08  Robotics Facility  
  120  8:11  Robotics Facility  
  121  8:15  Robotics Facility  
  121  8:16  Robotics Facility  
  121  8:18  Probe x2  
  124  8:20  Probe  
  122  8:38  Probe x3  
  125  8:42  Charge  
  125  8:48  Protoss Shields Level 1 (Chrono Boost)  
  125  8:56  Nexus  
  125  8:57  Pylon  
  125  8:59  Immortal x2  
  125  9:02  Immortal  
  138  9:03  Observer  
  138  9:08  Pylon  
  138  9:10  Zealot x9  
  138  9:14  Pylon  
  138  9:15  Pylon  
  156  9:17  Pylon  
  156  9:28  Protoss Ground Weapons Level 3 (Chrono Boost)  
  156  9:31  Probe x4  
  158  9:38  Gateway  
  158  9:39  Immortal (Chrono Boost)  
  158  9:41  Gateway  
  158  9:43  Probe, Gateway  
  158  9:45  Phoenix, Gateway, Immortal (Chrono Boost)  
  171  9:52  Templar Archives  
  171  9:54  Immortal (Chrono Boost)  
  171  10:00  Assimilator  
  171  10:01  Probe x2  
  171  10:02  Assimilator  
  171  10:03  Probe  
  171  10:04  Probe  
  171  10:05  Immortal (Chrono Boost)  
  183  10:16  Immortal (Chrono Boost)  
  183  10:18  Immortal (Chrono Boost)  
  187  10:23  Observer  
  188  10:32  High Templar x4  
  188  10:33  High Templar x2  
  200  10:38  Archon  
  200  10:39  Archon x2  
  200  10:41  Archon  
  200  10:42  Archon x2, Zealot  
  196  10:43  Zealot  
  188  11:00  Zealot x5  
  188  11:03  Immortal x2  
  178  11:13  Immortal x2 (Chrono Boost)  
  178  11:14  Protoss Shields Level 2 (Chrono Boost)  
  176  11:22  Protoss Ground Armor Level 3 (Chrono Boost)  
  174  11:29  Probe x3  
  174  11:32  Probe  
  177  11:33  Probe  
  170  11:41  Probe x2, Immortal x2 (Chrono Boost)  
  170  11:43  Probe  
  170  11:44  Probe  
  178  11:47  Nexus  
  178  11:49  Pylon  
  178  11:50  Immortal (Chrono Boost)  
  182  11:58  Immortal (Chrono Boost)  
  182  11:59  Probe x2  
  181  12:01  Probe  
  181  12:02  Probe  
  181  12:03  Probe  
  175  12:10  Immortal (Chrono Boost)  
  175  12:11  Probe  
  175  12:12  Probe, Immortal (Chrono Boost)  
  175  12:13  Probe, Assimilator, Zealot x4  
  175  12:14  Probe, Zealot  
  175  12:15  Assimilator  
  183  12:19  Immortal (Chrono Boost)  
  183  12:21  Robotics Facility  
  183  12:22  Robotics Facility  
  181  12:24  Robotics Facility  
  181  12:26  Robotics Facility  
  173  12:33  Immortal (Chrono Boost)  
  177  12:41  Immortal (Chrono Boost)  
  177  12:42  Gateway x2  
  177  12:44  Gateway  
  185  12:47  Gateway  
  185  12:49  Photon Cannon, Gateway  
  185  12:50  Photon Cannon  
  185  12:51  Immortal (Chrono Boost)  
  185  12:52  Photon Cannon  
  185  12:54  Photon Cannon  
  185  12:57  Photon Cannon  
  189  13:02  Immortal (Chrono Boost)  
  189  13:06  Immortal (Chrono Boost)  
  197  13:12  Immortal  
  197  13:23  Probe x3  
Show
View Real Time Build Order
Export as new Build Order

MEDOED Zerg 

Build Orders: Hatch First, Lurkers 

Get SALT Encoding   

  12  0:01  Drone  
  13  0:16  Overlord  
  13  0:19  Drone  
  14  0:36  Drone x2  
  14  0:39  Drone  
  17  1:01  Hatchery  
  17  1:02  Drone x2  
  18  1:05  Extractor  
  17  1:22  Drone  
  17  1:23  Spawning Pool  
  17  1:27  Drone  
  18  1:33  Drone  
  19  1:44  Extractor  
  20  2:18  Queen  
  20  2:20  Metabolic Boost  
  22  2:26  Hatchery  
  22  2:27  Overlord  
  21  2:31  Hatchery  
  20  2:41  Zergling x4  
  22  2:48  Drone  
  23  2:54  Queen  
  25  3:01  Drone  
  26  3:06  Zergling x2  
  27  3:15  Spore Crawler  
  25  3:23  Drone  
  27  3:27  Drone  
  27  3:28  Drone x2  
  27  3:31  Overlord  
  30  3:42  Queen  
  30  3:44  Drone x2, Pneumatized Carapace  
  34  3:56  Drone x4  
  34  4:02  Queen  
  38  4:09  Overlord  
  40  4:10  Zergling x2  
  40  4:13  Overlord  
  41  4:18  Overlord  
  41  4:27  Overlord  
  41  4:32  Zergling x2  
  41  4:33  Zergling x4  
  42  4:39  Zergling x4, Drone  
  42  4:40  Drone x3  
  42  4:44  Drone  
  42  4:45  Drone  
  48  4:51  Lair  
  48  4:55  Drone x2  
  48  4:56  Drone  
  48  4:57  Evolution Chamber  
  48  4:59  Drone x2  
  52  5:05  Drone  
  52  5:06  Drone x2  
  53  5:16  Drone  
  53  5:17  Drone, Overlord  
  53  5:19  Roach Warren  
  54  5:26  Drone x4  
  54  5:28  Extractor  
  57  5:30  Overlord  
  57  5:37  Zerg Melee Weapons Level 1  
  57  5:39  Drone x3  
  57  5:42  Extractor  
  59  5:43  Drone x6  
  59  5:48  Overlord x2  
  63  5:53  Hydralisk Den  
  62  6:02  Roach x3  
  68  6:07  Roach  
  68  6:08  Roach x2  
  74  6:13  Zergling x4, Roach  
  74  6:14  Zergling x6  
  74  6:16  Zergling x2  
  82  6:25  Roach  
  80  6:36  Zergling x2, Roach x2  
  80  6:37  Zergling x4  
  81  6:41  Ravager  
  81  6:42  Roach x2  
  81  6:43  Drone x2  
  81  6:44  Overlord x3  
  79  6:48  Extractor  
  77  6:54  Zergling x4, Roach  
  77  6:56  Drone  
  77  6:57  Drone  
  78  7:03  Drone x2, Queen  
  78  7:06  Queen  
  78  7:07  Lurker Den  
  83  7:09  Drone x2  
  83  7:14  Queen  
  87  7:17  Drone x2  
  87  7:20  Drone, Extractor  
  87  7:21  Extractor  
  88  7:23  Overseer  
  88  7:30  Overlord  
  88  7:32  Drone x3  
  91  7:39  Queen  
  91  7:54  Hydralisk  
  91  7:55  Hydralisk x2  
  91  7:56  Zergling x2  
  91  7:57  Zergling x2  
  99  8:02  Grooved Spines  
  99  8:04  Hatchery  
  98  8:08  Drone x5  
  98  8:09  Drone  
  104  8:17  Overlord x2  
  104  8:23  Overlord  
  104  8:26  Ravager  
  105  8:32  Hydralisk x2  
  103  8:35  Lurker x3  
  103  8:37  Hydralisk x2  
  103  8:38  Drone  
  111  8:45  Drone x6  
  111  8:46  Drone x2  
  118  8:49  Infestation Pit  
  117  9:07  Spore Crawler  
  116  9:11  Drone x2  
  116  9:12  Drone x4  
  116  9:14  Muscular Augments, Hatchery  
  121  9:17  Spore Crawler  
  121  9:21  Lurker x2  
  121  9:27  Hydralisk x2  
  121  9:29  Zergling x6  
  121  9:30  Extractor  
  119  9:32  Lurker x2  
  119  9:33  Overlord  
  119  9:34  Spore Crawler, Extractor  
  119  9:39  Hive  
  119  9:42  Overlord  
  119  9:55  Zerg Missile Weapons Level 1  
  119  9:58  Spire, Drone  
  119  9:59  Drone x7  
  126  10:01  Overlord  
  126  10:13  Lurker x2  
  128  10:18  Drone  
  128  10:19  Drone x7, Evolution Chamber  
  134  10:29  Hydralisk x5  
  134  10:31  Zergling x2  
  135  10:45  Spore Crawler, Spine Crawler  
  133  10:51  Spore Crawler x3  
  133  10:52  Spine Crawler  
  133  10:54  Hydralisk  
  133  10:55  Zergling x2, Hydralisk x3  
  133  10:56  Zergling x4  
  114  11:07  Hydralisk x4  
  114  11:08  Zergling x2  
  114  11:09  Zergling x2  
  94  11:11  Zergling x2  
  94  11:12  Zergling x2  
  94  11:14  Hydralisk  
  84  11:18  Hydralisk  
  78  11:32  Hydralisk  
  78  11:33  Hydralisk x3  
  78  11:34  Zergling x2  
  84  11:44  Lurker x2  
  84  11:45  Zergling x2, Hydralisk x2  
  90  11:48  Lurker  
  90  11:52  Hydralisk x2  
  94  11:57  Zergling x2  
  73  12:02  Zergling x2  
  63  12:10  Hydralisk  
  63  12:13  Zergling x2  
  50  12:22  Zergling x2  
  40  12:30  Drone x2  
  40  12:35  Lurker  
  42  12:43  Drone  
  35  13:01  Lurker x3  
  36  13:08  Viper x2  
  32  13:24  Hydralisk  
Tags
 
Add a new tag
Caveats
  • Supply blocks, unpowered buildings, or Contaminate may cause inaccurate times.
  • Supply counts are checked every 10 seconds.